Map: Ciudad Esmeralda EE

Players

Tarantula - Winner!

  • Race: Terran Terran
  • League: Silver
  • Spawn Location: 11:00

David - Winner!

  • Race: Terran Terran
  • League: Gold
  • Spawn Location: 11:00

MrFercho

  • Race: Zerg Zerg
  • League: Silver
  • Spawn Location: 5:00

TATORREA

  • Race: Protoss Protoss
  • League: Silver
  • Spawn Location: 5:00

VOD

Have the link to the VOD?

Description

Time

  • Played on: May 30, 2020, 8:29 p.m.
  • Length: 12:42
Show
View Real Time Build Order
Export as new Build Order

Tarantula Terran - Winner!

Build Orders:  

Get SALT Encoding   

  12  0:01  SCV  
  13  0:15  SCV  
  14  0:22  Supply Depot  
  14  0:27  SCV  
  15  0:38  Supply Depot  
  15  0:46  Refinery  
  15  0:50  Refinery  
  15  1:00  Barracks  
  15  1:11  SCV  
  16  1:23  SCV  
  17  1:32  Barracks  
  17  1:37  SCV  
  18  1:48  Marine  
  18  1:53  Factory  
  19  1:59  SCV  
  20  2:08  Bunker  
  20  2:09  Marine  
  20  2:11  SCV  
  22  2:22  Marine  
  23  2:29  Supply Depot, SCV  
  24  2:37  Factory Tech Lab  
  24  2:46  Starport  
  24  2:47  Marine  
  25  3:00  Siege Tank  
  28  3:05  SCV  
  29  3:18  SCV  
  30  3:22  Marine  
  30  3:26  Marine  
  32  3:31  Medivac  
  34  3:34  Supply Depot  
  34  3:44  Marine x2  
  36  3:51  Siege Tank  
  39  3:57  Orbital Command  
  39  4:03  Marine x2  
  41  4:10  Medivac  
  41  4:14  Supply Depot  
  43  4:21  Marine  
  43  4:22  Marine  
  45  4:35  Siege Tank  
  48  4:41  Supply Depot, Starport Reactor  
  48  4:43  Starport Tech Lab  
  48  4:46  Marine  
  48  4:49  Marine  
  50  5:16  Fusion Core  
  50  5:20  Barracks Tech Lab  
  50  5:21  Marine  
  51  5:39  Siege Tank  
  55  5:43  Combat Shield  
  55  5:49  Barracks Reactor  
  54  5:51  Marine  
  55  6:19  Bunker  
  46  7:14  Battlecruiser  
  52  7:24  Siege Tank  
  52  7:26  Marine x3  
  58  8:08  Marine  
  58  8:09  Marine x2  
  61  8:26  Marine x2  
  63  9:23  Battlecruiser  
  63  9:43  Supply Depot  
  63  10:05  Marine x3  
  66  10:43  Battlecruiser  
  57  11:07  Marine x2  
  57  11:08  Marine  
  54  11:25  Marine x2  
  54  11:32  Marine  
  57  11:43  Marine  
  58  11:56  Marine x2  
  58  12:01  Marine  
Show
View Real Time Build Order
Export as new Build Order

David Terran - Winner!

Build Orders:  

Get SALT Encoding   

  12  0:01  SCV  
  13  0:15  Supply Depot  
  13  0:19  SCV  
  14  0:33  Supply Depot  
  14  0:42  Supply Depot  
  14  0:45  SCV  
  15  1:07  Refinery  
  15  1:12  Barracks  
  15  1:14  SCV  
  16  1:26  SCV  
  17  1:38  SCV  
  18  1:41  Engineering Bay  
  18  1:50  SCV  
  18  1:51  Refinery  
  19  2:00  Barracks Reactor  
  19  2:03  SCV  
  19  2:06  Barracks  
  20  2:15  SCV  
  21  2:27  SCV  
  22  2:32  Terran Infantry Weapons Level 1  
  22  2:37  Marine  
  22  2:38  Marine  
  24  2:46  Orbital Command  
  24  2:54  Barracks Tech Lab  
  24  2:58  Factory  
  24  3:00  Marine x2  
  26  3:16  Combat Shield  
  26  3:18  Marine  
  27  3:20  Marine x2  
  29  3:33  SCV  
  30  3:38  Marine  
  30  3:39  Marine x2  
  33  3:45  SCV  
  33  3:47  Supply Depot, Factory Tech Lab  
  34  4:03  Armory  
  34  4:04  Marine x2  
  34  4:05  Marine  
  34  4:08  Siege Tank  
  40  4:14  Supply Depot  
  40  4:24  Marine x3  
  41  4:26  Terran Infantry Armor Level 1  
  43  4:43  Siege Tank  
  46  4:50  Supply Depot  
  46  4:52  Marine x3  
  48  4:59  Terran Vehicle Weapons Level 1  
  49  5:10  Marine x3  
  52  5:23  Factory  
  52  5:27  Marine  
  52  5:28  Marine x2  
  54  5:33  Siege Tank  
  58  5:46  Marine  
  58  5:47  Marine x2  
  61  6:14  Marine x2  
  61  6:17  Factory Tech Lab  
  63  6:21  Supply Depot  
  63  6:42  Marine, Siege Tank  
  67  6:51  Supply Depot  
  67  6:53  Marine x2  
  69  7:00  Marine  
  70  7:11  Marine  
  70  7:12  Marine, Siege Tank  
  75  7:18  Marine  
  68  7:58  Marine  
  68  7:59  Marine x2  
  68  8:00  Siege Tank  
  68  8:03  Siege Tank  
  54  8:59  Marine x2  
  54  9:00  Marine  
  54  9:02  Siege Tank x2  
  63  9:05  Supply Depot  
  63  9:17  Marine  
  64  9:31  Supply Depot  
  64  9:32  Marine  
  64  9:33  Marine  
  64  9:36  Thor  
  64  9:37  Thor  
  78  9:56  Command Center  
  78  10:09  Marine x3  
  81  10:27  Marine  
  58  10:58  Orbital Command  
  55  11:27  SCV  
  56  12:18  SCV  
Show
View Real Time Build Order
Export as new Build Order

MrFercho Zerg 

Build Orders: Hatch First 

Get SALT Encoding   

  12  0:04  Drone  
  13  0:17  Drone  
  14  0:30  Extractor  
  14  0:31  Extractor, Drone x2  
  16  1:05  Overlord x2  
  16  1:06  Hatchery, Overlord  
  15  1:23  Drone  
  16  1:30  Spawning Pool  
  15  1:38  Drone x2  
  17  1:46  Extractor  
  16  1:48  Drone  
  16  1:50  Extractor  
  16  1:59  Drone  
  17  2:13  Drone  
  18  2:17  Drone  
  18  2:21  Drone  
  20  2:29  Drone  
  21  2:31  Drone  
  21  2:36  Hatchery  
  21  2:43  Lair  
  21  2:46  Drone x2  
  23  2:52  Drone  
  23  2:53  Drone  
  25  3:02  Drone  
  26  3:11  Pneumatized Carapace  
  26  3:22  Drone x2  
  26  3:23  Drone  
  29  3:36  Drone x4  
  33  3:47  Infestation Pit  
  32  3:51  Hydralisk Den  
  31  3:58  Drone x5  
  36  4:07  Extractor  
  35  4:10  Extractor  
  34  4:23  Overseer  
  34  4:30  Hydralisk  
  36  4:31  Hydralisk x3  
  42  5:02  Hydralisk x3  
  48  5:29  Hive  
  48  5:30  Queen  
  50  5:35  Grooved Spines  
  50  5:45  Evolution Chamber  
  49  5:52  Overseer  
  49  6:09  Nydus Network  
  48  6:23  Hydralisk  
  50  6:26  Overlord x4  
  50  6:27  Overlord x3  
  50  6:28  Overlord  
  50  6:48  Ultralisk Cavern  
  49  6:59  Zergling x18  
  58  7:38  Ultralisk x4  
  71  7:55  Hydralisk  
  71  7:56  Hydralisk x10  
  55  8:55  Hydralisk x5  
  51  8:56  Hydralisk x4  
  61  9:10  Spore Crawler  
  59  9:46  Nydus Canal  
  59  10:14  Nydus Canal  
  59  10:24  Hydralisk  
  59  10:25  Hydralisk x8  
  17  11:28  Nydus Canal  
  17  11:31  Hydralisk  
  17  11:32  Hydralisk x5  
  23  11:49  Queen  
Show
View Real Time Build Order
Export as new Build Order

TATORREA Protoss 

Build Orders:  

Get SALT Encoding   

  12  0:10  Probe  
  13  0:25  Probe  
  14  0:32  Pylon  
  14  0:37  Probe  
  15  0:50  Probe  
  16  1:03  Probe  
  17  1:06  Gateway  
  17  1:09  Gateway  
  17  1:17  Probe  
  18  1:23  Assimilator  
  18  1:25  Pylon  
  18  1:29  Probe  
  18  1:31  Assimilator  
  19  1:41  Probe  
  20  1:53  Probe  
  21  2:01  Cybernetics Core  
  21  2:05  Probe  
  22  2:17  Probe  
  23  2:25  Nexus  
  23  2:32  Pylon  
  23  2:38  Gateway  
  23  2:42  Warp Gate (Chrono Boost)  
  23  2:44  Probe  
  23  2:51  Stalker (Chrono Boost)  
  24  2:53  Zealot (Chrono Boost)  
  28  2:59  Probe  
  29  3:11  Probe  
  30  3:25  Probe  
  31  3:28  Gateway  
  31  3:29  Gateway  
  31  3:37  Probe  
  32  3:42  Probe  
  33  3:49  Probe  
  33  3:53  Pylon  
  33  3:54  Probe  
  35  4:02  Probe  
  36  4:06  Probe  
  36  4:07  Pylon  
  37  4:22  Twilight Council  
  37  4:24  Robotics Facility, Probe x2  
  37  4:26  Forge  
  37  4:30  Stalker  
  41  4:32  Stalker  
  41  4:36  Zealot  
  46  4:38  Probe  
  46  4:40  Probe  
  47  4:49  Zealot  
  47  4:50  Probe, Zealot  
  44  5:07  Charge  
  52  5:08  Protoss Ground Weapons Level 1  
  52  5:12  Stalker  
  52  5:13  Stalker x2  
  58  5:25  Stalker x2  
  62  5:43  Stalker x3  
  68  5:54  Assimilator, Probe x2  
  70  5:59  Assimilator  
  70  6:18  Pylon  
  70  6:21  Pylon  
  70  6:26  Pylon  
  70  6:30  Pylon  
  70  6:36  Probe x2  
  55  6:48  Probe x2  
  39  7:10  Stalker x3  
  39  7:11  Stalker x2  
  49  7:16  Probe  
  49  7:17  Probe  
  51  7:24  Protoss Ground Weapons Level 2  
  51  7:28  Probe  
Tags
 
Add a new tag
Caveats
  • Supply blocks, unpowered buildings, or Contaminate may cause inaccurate times.
  • Supply counts are checked every 10 seconds.